 Dungeon Crawl Stone Soup version 0.18.1-48-g4cf74bf (webtiles) character file.

108141 Implojin the Severer (level 15, -4/228 HPs)
             Began as a Minotaur Berserker on June 29, 2016.
             Was a High Priest of Trog.
             Slain by a merfolk
             ... wielding a +0 spear
              (13 damage)
             ... on level 1 of the Shoals on June 30, 2016.
             The game lasted 01:02:53 (7377 turns).

Implojin the Severer (Minotaur Berserker)           Turns: 7377, Time: 01:02:53

Health: -4/228     AC: 16    Str: 28    XL:     15   Next: 65%
Magic:  4/4        EV: 17    Int:  4    God:    Trog [*****.]
Gold:   739        SH:  0    Dex: 15    Spells: 0 memorised, 14 levels left

rFire  + + .     SeeInvis .     O - +9 battleaxe (antimagic)
rCold  . . .     Gourm    .     H - +0 fire dragon armour
rNeg   . . .     Faith    .     (shield currently unavailable)
rPois  +         Spirit   .     K - +0 hat
rElec  .         Dismiss  .     g - +1 cloak {rPois}
rCorr  .         Reflect  .     x - +0 pair of gloves
SustAt .         Harm     .     E - +0 pair of boots
MR     ++++.                    b - amulet of regeneration
Stlth  ..........               T - ring of protection from magic
                                s - ring of protection from cold

@: berserking, lethally poisoned (-4 -> -4), regenerating, very quick,
incredibly resistant to hostile enchantments, extremely unstealthy
A: retaliatory headbutt, horns 2
a: Berserk, Trog's Hand, Brothers in Arms, Burn Spellbooks, Renounce Religion
}: 1/15 runes: gossamer


You were on level 1 of the Shoals.
You worshipped Trog.
Trog was extremely pleased with you.
You were full.

You visited 4 branches of the dungeon, and saw 29 of its levels.

You collected 929 gold pieces.
You spent 190 gold pieces at shops.

Inventory:

Hand Weapons
 G - a +2 executioner's axe of chopping
 O - a +9 antimagic battleaxe (weapon)
Missiles
 r - 5 tomahawks of returning (quivered)
Armour
 g - a +1 cloak of poison resistance (worn)
 p - a +0 ring mail
 x - a +0 pair of gloves (worn)
 E - a +0 pair of boots (worn)
 H - a +0 fire dragon armour (worn)
 I - a +2 buckler
 K - a +0 hat (worn)
 L - a +0 troll leather armour
 R - a +0 shield
 S - a +1 buckler of cold resistance
Jewellery
 a - an uncursed ring of protection from fire
 b - an amulet of regeneration (around neck)
 f - an uncursed ring of resist corrosion {unknown}
 s - a ring of protection from cold (left hand)
 t - an uncursed ring of ice
 D - a +2 ring of strength
 J - an uncursed ring of protection from fire
 T - a ring of protection from magic (right hand)
 W - an uncursed ring of flight
Wands
 h - a wand of random effects (30/48)
 u - a wand of disintegration (13/24)
 v - a wand of slowing (21/48)
 F - a wand of flame (19/48)
 Q - a wand of digging (7/24)
 V - a wand of polymorph (5/24)
Scrolls
 e - 5 scrolls of recharging
 i - a scroll of random uselessness
 j - a scroll of blinking
 m - 5 scrolls of teleportation
 q - 4 scrolls of remove curse
 y - 4 scrolls of fear
 A - 3 scrolls of noise
 M - a scroll of vulnerability
Potions
 d - 4 potions of curing
 k - 2 potions of cure mutation
 o - 3 potions of ambrosia
 w - a potion of brilliance {unknown}
 C - 2 potions of might
 N - a potion of agility
 X - a potion of resistance
Comestibles
 c - 6 bread rations
 l - a meat ration
 n - 3 slices of pizza
 z - 2 beef jerkies


   Skills:
 * Level 19.5 Fighting
 - Level 20.1 Axes
 - Level 9.3 Armour
 - Level 12.1 Dodging


You had 14 spell levels left.
You didn't know any spells.

Dungeon Overview and Level Annotations

Branches:
Dungeon (15/15)            Temple (0/1) D:5            Lair (8/8) D:8
 Shoals (2/4) Lair:4       Spider (4/4) Lair:4       Depths (0/5) D:15
  Slime: Lair:6-8       Orc: D:9-12      Vaults: D:13-14

Altars:
Cheibriados
Kikubaaqudgha
Nemelex Xobeh
Okawaru
Xom
Yredelemnul

Shops:
D:5 !   D:11 [   D:12 !

Annotations:
D:9 exclusion: upstairs
D:10 Zeor's ghost, novice HEHu
D:12 exclusion: 2 upstairs
Lair:8 exclusion: oklob plant


Innate Abilities, Weirdness & Mutations

You reflexively headbutt those who attack you in melee.
You have a pair of horns on your head.


Message History

You slash the griffon!
The griffon is lightly wounded.
The merfolk impaler hits you but does no damage.
The merfolk barely misses you.
You barely miss the merfolk impaler.
The merfolk impaler is lightly wounded.
You barely miss the griffon.
The griffon is lightly wounded.
The merfolk completely misses you.
The merfolk impaler hits you with a trident!
* * * LOW HITPOINT WARNING * * *
The griffon bites you but does no damage.
The griffon misses you. x2
You miss the merfolk impaler.
The merfolk impaler is lightly wounded.
You slash the griffon!
The griffon is heavily wounded.
The merfolk misses you.
Unknown command.
You barely miss the merfolk impaler. You headbutt the merfolk impaler!
The merfolk impaler is lightly wounded.
You slice the griffon!!
You kill the griffon!
Trog accepts your kill.
The merfolk impaler hits you with a trident!!
* * * LOW HITPOINT WARNING * * *
The merfolk hits you but does no damage.
You slice the merfolk impaler like a ripe choko!!!
Your headbutt misses the merfolk impaler.
The merfolk impaler is severely wounded.
The merfolk impaler completely misses you.
You miss the merfolk impaler. You headbutt the merfolk impaler!!
The merfolk impaler is almost dead.
The merfolk hits you but does no damage.
You slash the merfolk impaler!
You kill the merfolk impaler!
Trog accepts your kill.
You feel sick.
The merfolk hits you from afar with a spear!
You die...

≈≈≈≈≈≈≈..##)≈≈≈≈###..
≈≈≈≈≈...)###.≈≈≈≈≈....
≈≈≈≈....≈....≈>≈≈≈....
≈≈≈≈.........≈≈.≈≈≈≈≈≈
≈≈..[..............≈≈≈
.........####..##...≈≈
.....≈≈.#..##>##.....
#..≈.....≈...≈....
#..@...≈≈≈≈≈≈≈≈...
#m).≈≈≈≈≈≈≈≈≈≈≈..#
....m≈≈≈≈≈≈≈≈≈≈...##
.≈...≈≈≈≈≈≈≈≈≈≈≈≈...#
≈≈...≈≈≈≈≈≈≈≈≈≈≈≈≈≈≈..
≈≈≈.≈≈≈≈≈≈≈≈≈≈≈≈≈≈≈≈..
≈≈≈≈≈≈≈≈≈≈≈≈≈≈≈≈≈≈≈≈≈
≈≈≈≈≈≈≈≈≈≈≈≈≈≈≈


You could see 2 merfolk.

Vanquished Creatures
  Arachne (Spider:4)
  Gastronok (D:12)
  Aizul (Spider:2)
  3 emperor scorpions (Spider:4)
  2 ghost moths
  A merfolk impaler (Shoals:1)
  A fire dragon (D:10)
  2 hydras
  A catoblepas (Lair:8)
  An ogre mage (D:15)
  A death knight (D:14)
  A deep troll shaman (Lair:8)
  10 death yaks
  A tengu warrior (D:15)
  A vampire mage (D:15)
  A skeletal warrior (D:15)
  A sea snake (Shoals:1)
  4 death scarabs (Spider:4)
  An unseen horror (D:14)
  A golden dragon skeleton (D:15)
  3 hill giants
  14 wolf spiders
  A necromancer (D:15)
  The ghost of Implojin the Cleaver, a novice MiFi (D:7)
  6 spectral wolf spiders (Spider:4)
  4 orb spiders (Spider:4)
  3 griffons
  A hornet (Spider:4)
  3 cyclopes
  An ugly thing (D:12)
  3 moths of wrath (Spider:4)
  9 elephants
  A frost giant skeleton (D:15)
  4 black mambas
  A black mamba (shapeshifter) (D:13)
  A water nymph (Shoals:1)
  2 gargoyles
  12 spiny frogs
  A yaktaur zombie (D:15)
  5 spectral redbacks (Spider:4)
  6 demonic crawlers (Spider:4)
  6 komodo dragons
  A freezing wraith (D:14)
  A guardian mummy (D:15)
  2 tengu conjurers
  A redback zombie (Spider:4)
  A merfolk (Shoals:1)
  5 spectral tarantellas (Spider:4)
  11 jumping spiders
  A spectral hornet (Spider:4)
  2 spectral jumping spiders (Spider:4)
  A two-headed ogre (D:12)
  2 tarantella zombies (Spider:4)
  6 blink frogs
  A jumping spider zombie (Spider:4)
  A snapping turtle (Lair:4)
  An elf zombie (D:15)
  40 redbacks
  15 tarantellas
  Sigmund (D:6)
  A shadow (D:12)
  4 wyverns
  4 wraiths
  A vampire (D:11)
  6 hippogriffs
  2 hungry ghosts
  42 yaks
  A mottled dragon (D:11)
  2 soldier ants
  3 water moccasins
  5 porcupines
  2 orc warriors
  A sky beast (D:5)
  3 ice beasts
  4 black bears
  A necrophage (D:6)
  7 ogres (D:15)
  7 centaurs
  An eye of draining (D:10)
  8 wolves
  10 crocodiles
  15 giant frogs
  A wyvern skeleton (D:12)
  3 scorpions
  A wight (D:10)
  9 killer bees (D:10)
  An electric eel (Lair:4)
  7 howler monkeys
  7 crimson imps
  A giant frog zombie (D:12)
  A lava snake (Lair:8)
  A human zombie (D:8)
  A hound (D:5)
  2 centaur zombies
  3 giant frog skeletons
  A gnoll shaman (D:10)
  6 orc priests
  A jelly (D:15)
  4 orc wizards
  2 iguanas
  7 hell rats (Lair:7)
  12 worker ants
  10 sheep
  A hound zombie (D:5)
  Robin (D:2)
  5 gnolls (D:10)
  9 adders
  22 river rats
  A shadow imp (D:11)
  2 adder skeletons
  A worm (Spider:3)
  2 dart slugs (D:5)
  4 giant geckos (D:5)
  17 orcs
  3 bats
  3 giant cockroaches
  11 goblins
  6 hobgoblins
  7 jackals
  2 kobolds (D:2)
  3 rats
  2 fungi
  3 plants
  2 withered plants (D:15)
535 creatures vanquished.

Vanquished Creatures (collateral kills)
  A spark wasp (Spider:4)
  A death yak (Lair:8)
  A tengu warrior (D:14)
  4 death scarabs (Spider:4)
  A phantasmal warrior (D:14)
  A spectral wolf spider (Spider:4)
  A wolf spider zombie (Spider:4)
  An orb spider (Spider:4)
  A moth of wrath (Spider:4)
  A spectral redback (Spider:4)
  A spectral hornet (Spider:4)
  3 jumping spiders
  A spectral tarantella (Spider:4)
  A hornet zombie (Spider:4)
  A jumping spider zombie (Spider:4)
  A redback (Spider:4)
  A tarantella (Spider:1)
  A giant frog (D:14)
23 creatures vanquished.

Vanquished Creatures (others)
  A giant frog (D:15)
  10 fungi
  2 plants
13 creatures vanquished.

Grand Total: 571 creatures vanquished

Notes
Turn   | Place    | Note
--------------------------------------------------------------
     0 | D:1      | Implojin the Minotaur Berserker began the quest for the Orb.
     0 | D:1      | Reached XP level 1. HP: 19/19 MP: 0/0
    32 | D:1      | Reached skill level 4 in Axes
    81 | D:2      | Noticed Robin
    82 | D:2      | Reached XP level 2. HP: 16/26 MP: 1/1
    94 | D:2      | Reached ** piety under Trog
    95 | D:2      | Killed Robin
    95 | D:2      | Reached skill level 5 in Axes
    95 | D:2      | Reached XP level 3. HP: 12/31 MP: 2/2
   217 | D:2      | Found an iron altar of Okawaru.
   235 | D:3      | Reached XP level 4. HP: 38/39 MP: 3/3
   235 | D:3      | Reached skill level 6 in Axes
   345 | D:4      | Reached skill level 7 in Axes
   345 | D:4      | Reached XP level 5. HP: 45/45 MP: 4/4
   441 | D:5      | Entered Level 5 of the Dungeon
   445 | D:5      | Found Zeusch's Distillery.
   452 | D:5      | Reached skill level 8 in Axes
   452 | D:5      | Reached XP level 6. HP: 38/51 MP: 5/5
   490 | D:5      | HP: 1/76 [iguana (4)]
   806 | D:5      | Reached skill level 9 in Axes
   874 | D:5      | Noticed a sky beast
   896 | D:5      | Killed a sky beast
   896 | D:5      | Reached XP level 7. HP: 57/57 MP: 6/6
   916 | D:5      | Bought a potion of heal wounds for 75 gold pieces
   930 | D:5      | Found a staircase to the Ecumenical Temple.
   977 | D:5      | Reached *** piety under Trog
   995 | D:6      | Found a sparkling altar of Nemelex Xobeh.
  1053 | D:6      | Noticed Sigmund
  1085 | D:6      | Reached skill level 10 in Axes
  1093 | D:6      | Killed Sigmund
  1093 | D:6      | Reached skill level 11 in Axes
  1178 | D:5      | Reached XP level 8. HP: 38/64 MP: 7/7
  1320 | D:6      | Reached skill level 12 in Axes
  1369 | D:6      | Reached skill level 4 in Fighting
  1401 | D:7      | Reached skill level 5 in Fighting
  1514 | D:7      | Noticed Implojin's ghost (novice MiFi)
  1525 | D:7      | Killed Implojin's ghost
  1525 | D:7      | Reached skill level 8 in Fighting
  1569 | D:7      | Reached XP level 9. HP: 52/82 MP: 8/8
  1675 | D:8      | Reached skill level 9 in Fighting
  1742 | D:8      | Found an ancient bone altar of Kikubaaqudgha.
  1977 | D:9      | Reached **** piety under Trog
  2087 | D:10     | Entered Level 10 of the Dungeon
  2093 | D:10     | Reached skill level 10 in Fighting
  2224 | D:10     | Reached skill level 11 in Fighting
  2297 | D:10     | Noticed a hill giant
  2303 | D:10     | Killed a hill giant
  2303 | D:10     | Reached skill level 12 in Fighting
  2310 | D:10     | Found a shimmering altar of Xom.
  2358 | D:10     | Reached skill level 3 in Dodging
  2373 | D:10     | Reached skill level 4 in Dodging
  2373 | D:10     | Reached XP level 10. HP: 97/97 MP: 5/9
  2378 | D:10     | Reached skill level 5 in Dodging
  2445 | D:10     | Noticed a fire dragon
  2452 | D:10     | Reached skill level 6 in Dodging
  2458 | D:10     | Killed a fire dragon
  2458 | D:10     | Reached skill level 7 in Dodging
  2471 | D:10     | Noticed Zeor's ghost (novice HEHu)
  2485 | D:10     | Reached skill level 8 in Dodging
  2510 | D:11     | Noticed a cyclops
  2674 | D:11     | Found Hoju's Armour Shoppe.
  2705 | D:11     | Bought a +0 pair of boots for 67 gold pieces
  2736 | D:11     | Killed a cyclops
  2736 | D:11     | Reached skill level 9 in Dodging
  2776 | D:11     | Reached skill level 10 in Dodging
  2781 | D:11     | Reached ***** piety under Trog
  2830 | D:11     | Noticed a hill giant
  2842 | D:11     | Killed a hill giant
  2842 | D:11     | Reached XP level 11. HP: 104/104 MP: 10/10
  2929 | D:11     | Reached skill level 11 in Dodging
  3049 | D:8      | Found a staircase to the Lair.
  3167 | D:12     | Reached skill level 12 in Dodging
  3198 | D:12     | Noticed Gastronok
  3230 | D:12     | Killed Gastronok
  3230 | D:12     | Reached skill level 6 in Armour
  3377 | D:12     | Found Tezxute's Distillery.
  3398 | D:12     | Bought a potion of agility for 48 gold pieces
  3410 | D:12     | Noticed a cyan ugly thing
  3429 | D:12     | Killed a cyan ugly thing
  3429 | D:12     | Reached skill level 7 in Armour
  3502 | D:12     | Received a gift from Trog
  3512 | D:12     | Reached skill level 8 in Armour
  3601 | D:13     | Reached skill level 9 in Armour
  3717 | D:15     | Entered Level 15 of the Dungeon
  3736 | D:15     | Reached XP level 12. HP: 108/112 MP: 3/11
  3762 | D:15     | Noticed an ogre mage
  3772 | D:15     | Killed an ogre mage
  3772 | D:15     | Reached skill level 13 in Axes
  3775 | D:15     | Noticed a tengu warrior
  3781 | D:15     | Reached skill level 14 in Axes
  3789 | D:15     | Killed a tengu warrior
  3815 | D:15     | Noticed a vampire mage
  3817 | D:15     | Noticed a tengu warrior
  3828 | D:14     | Killed a tengu warrior
  3833 | D:14     | Noticed a death knight
  3837 | D:14     | Killed a death knight
  3840 | D:14     | Reached skill level 15 in Axes
  3898 | D:15     | Found a staircase to the Depths.
  3907 | D:15     | Killed a vampire mage
  3929 | D:15     | Reached skill level 16 in Axes
  4085 | Lair:1   | Entered Level 1 of the Lair of Beasts
  4305 | Lair:5   | Reached XP level 13. HP: 64/116 MP: 4/12
  4319 | Lair:5   | Reached skill level 17 in Axes
  4415 | Lair:8   | Entered Level 8 of the Lair of Beasts
  4434 | Lair:8   | Found a basalt altar of Yredelemnul.
  4471 | Lair:8   | Received a gift from Trog
  4560 | Lair:8   | Reached skill level 18 in Axes
  4776 | Lair:8   | Found a snail-covered altar of Cheibriados.
  4822 | Lair:8   | Reached skill level 19 in Axes
  4870 | Lair:8   | Found a labyrinth entrance.
  5112 | Lair:7   | Reached skill level 20 in Axes
  5237 | Lair:6   | :whereeeee
  5445 | Lair:5   | Reached XP level 14. HP: 81/124 MP: 4/13
  5586 | Lair:4   | Reached skill level 13 in Fighting
  5611 | Lair:4   | Received a gift from Trog
  5650 | Lair:4   | Found a hole to the Spider Nest.
  5662 | Spider:1 | Entered Level 1 of the Spider Nest
  5761 | Spider:2 | Noticed Aizul
  5761 | Spider:2 | Killed a ghost moth
  5761 | Spider:2 | Reached skill level 14 in Fighting
  5980 | Spider:2 | Killed Aizul
  6057 | Spider:4 | Entered Level 4 of the Spider Nest
  6059 | Spider:4 | Noticed Arachne
  6073 | Spider:4 | Killed Arachne
  6073 | Spider:4 | Reached skill level 15 in Fighting
  6309 | Spider:4 | Received a gift from Trog
  6309 | Spider:4 | Reached skill level 16 in Fighting
  6538 | Spider:4 | Reached skill level 17 in Fighting
  6541 | Spider:4 | Noticed an emperor scorpion
  6558 | Spider:4 | Killed an emperor scorpion
  6558 | Spider:4 | Reached XP level 15. HP: 32/147 MP: 4/14
  6705 | Spider:4 | Killed a ghost moth
  6733 | Spider:4 | Reached skill level 18 in Fighting
  6739 | Spider:4 | HP: 10/223 [poisoned by a redback]
  6741 | Spider:4 | HP: 4/149 [poisoned by a redback]
  7053 | Spider:4 | Reached skill level 19 in Fighting
  7087 | Spider:4 | Got a gossamer rune of Zot
  7229 | Spider:1 | You fall through a shaft!
  7309 | Lair:4   | Found a staircase to the Shoals.
  7318 | Shoals:1 | Entered Level 1 of the Shoals
  7345 | Shoals:1 | :poison resistance does nothing ;_;
  7374 | Shoals:1 | HP: 7/228 [merfolk impaler/trident (21)]
  7377 | Shoals:1 | Slain by a merfolk

Skill      XL: |  1  2  3  4  5  6  7  8  9 10 11 12 13 14 15 |
---------------+----------------------------------------------+-----
Axes           | 4 5 7 8 9 11 12 16 20 | 20.1
Fighting       | 8 12 17 19 | 19.5
Dodging        | 4 10 12 | 12.1
Armour         | 9 |  9.3

Action                   |  1- 3 |  4- 6 |  7- 9 | 10-12 | 13-15 || total
-------------------------+-------+-------+-------+-------+-------++-------
Melee: Hand axe          |    35 |    73 |   260 |   261 |       ||   629
       Headbutt          |     6 |    14 |    59 |   115 |   170 ||   364
       Battleaxe         |       |       |       |   168 |   659 ||   827
Throw: Tomahawk          |       |       |       |     2 |     3 ||     5
Invok: Berserk           |     2 |     4 |     7 |     9 |     9 ||    31
       Trog's Hand       |       |       |       |     2 |    12 ||    14
       Burn Spellbooks   |       |       |       |     3 |     5 ||     8
       Brothers in Arms  |       |       |       |     2 |     7 ||     9
Evoke: Wand              |       |       |       |       |     1 ||     1
  Use: Scroll            |       |     1 |     8 |     8 |    15 ||    32
       Potion            |       |       |     2 |     3 |     5 ||    10
 Stab: Distracted        |       |       |       |       |     3 ||     3
  Eat: Chunk             |       |     4 |    10 |    20 |     6 ||    40
       Beef jerky        |       |     1 |       |       |       ||     1
       Fruit             |       |       |     3 |       |     1 ||     4
       Meat ration       |       |       |       |       |     4 ||     4
Armor: Animal skin       |     8 |       |       |       |       ||     8
       Scale mail        |     2 |     2 |       |       |       ||     4
       Ring mail         |       |    15 |    67 |    14 |       ||    96
       Skin              |       |       |       |    57 |       ||    57
       Fire dragon armou |       |       |       |   149 |   348 ||   497
Dodge: Dodged            |    32 |    37 |    92 |   362 |   751 ||  1274
Block: Buckler           |       |       |       |    44 |       ||    44

Table legend:
 A = Turns spent in this place as a percentage of turns spent in the entire game.
 B = Non-inter-level travel turns spent in this place as a percentage of non-inter-level travel turns spent in the entire game.
 C = Inter-level travel turns spent in this place as a percentage of turns spent in this place.
 D = Turns resting spent in this place as a percentage of non-inter-level travel turns spent in this place.
 E = Turns spent auto-exploring this place as a percentage of non-inter-level travel turns spent in this place.
 F = Non-inter-level travel turns spent in this place divided by the number of levels of this place that you've seen.
                   A       B       C       D       E      F
               +-------+-------+-------+-------+-------+----------------------
         Total | 100.0 | 100.0 |   0.0 |   0.9 |   0.0 | 249.2
       Dungeon |  52.8 |  52.8 |   0.0 |   0.8 |   0.0 | 254.1
          Lair |  23.4 |  23.4 |   0.0 |   0.3 |   0.0 | 211.2
        Shoals |   1.0 |   1.0 |   0.0 |   2.7 |   0.0 |  37.0
   Spider Nest |  22.8 |  22.8 |   0.0 |   1.6 |   0.0 | 412.5
               +-------+-------+-------+-------+-------+----------------------

Table legend:
 A = Kills in this place as a percentage of kills in entire the game.
 B = Kills by you in this place as a percentage of kills by you in the entire game.
 C = Kills by friends in this place as a percentage of kills by friends in the entire game.
 D = Other kills in this place as a percentage of other kills in the entire game.
 E = Experience gained in this place as a percentage of experience gained in the entire game.
 F = Experience gained in this place divided by the number of levels of this place that you have seen.
                   A       B       C       D       E      F
               +-------+-------+-------+-------+-------+----------------------
         Total | 100.0 | 100.0 | 100.0 | 100.0 | 100.0 | 4686.8
       Dungeon |  43.7 |  44.9 |  13.0 | 100.0 |  25.2 | 2283.8
          Lair |  28.6 |  29.7 |   4.3 |   0.0 |  28.6 | 4855.1
        Shoals |   0.9 |   0.9 |   0.0 |   0.0 |   2.3 | 1539.0
   Spider Nest |  26.8 |  24.4 |  82.6 |   0.0 |  44.0 | 14935.0
               +-------+-------+-------+-------+-------+----------------------
